AoeStats
← GirthSoWide

Highland

504312167Analyzed
2v2 RM · 28d ago on Sep 4, 2026· 68m 17s· 4 players
Game mode
Random Map
Map size
Medium (4 player)
Population
200
Speed
Normal
Resources
Standard
Victory
Conquest
Starting age
Dark Age
Ending age
Imperial Age
RankedLock teamsTeams togetherTeam positionsShared explorationLock speedFull tech treeHidden civsTurbo modeCheats
Victory
Defeat
🇺🇸 Franks · United States
748
+19
🇺🇸 Japanese · United States
729
+19
🇺🇸 Persians · United States
810
-19
🇳🇿 Britons · New Zealand
806
-19
tk421
7:33 Loom
12:36 Feudal Age
13:10 Horse Collar
13:17 Double-Bit Axe
21:59 Castle Age
21:06 Wheelbarrow
20:17 Town Watch
21:23 Gold Mining
21:23 Stone Mining
23:43 Wheelbarrow
23:53 Heavy Plow
24:09 Bow Saw
24:52 Gold Shaft Mining
26:47 Stone Shaft Mining
27:02 Bloodlines
27:11 Scale Barding Armor
34:52 Imperial Age
32:41 Kamandaran
33:29 Hand Cart
33:06 Town Watch
35:39 Elite War Elephant
37:44 Forging
37:25 Fletching
37:35 Padded Archer Armor
37:56 Chain Barding Armor
38:42 Crop Rotation
38:06 Crossbowman
39:26 Thumb Ring
46:19 Two-Man Saw
56:52 Chemistry
56:13 Ballistics
56:08 Masonry
55:54 Murder Holes
IdealExperience
11:43 Feudal Age
10:03 Loom
13:00 Double-Bit Axe
13:41 Horse Collar
17:34 Man-at-Arms
19:23 Gold Mining
20:03 Fletching
20:14 Padded Archer Armor
21:48 Stone Mining
24:56 Castle Age
25:03 Wheelbarrow
27:03 Bow Saw
26:36 Crossbowman
29:33 Gold Shaft Mining
32:44 Bodkin Arrow
33:04 Leather Archer Armor
61:03 Leather Archer Armor
62:31 Caravan
65:23 Imperial Age
63:08 Hand Cart
65:10 Coinage
66:27 Arbalester
68:52 Two-Man Saw
68:22 Bracer
GirthSoWide
0:50 Loom
13:20 Feudal Age
13:46 Double-Bit Axe
13:45 Horse Collar
15:15 Wheelbarrow
14:41 Gold Mining
14:26 Man-at-Arms
16:53 Stone Mining
20:50 Castle Age
19:45 Forging
19:37 Scale Mail Armor
20:00 Fletching
21:14 Arson
21:59 Pikeman
22:42 Squires
22:30 Gambesons
23:19 Heavy Plow
23:55 Bow Saw
26:59 Long Swordsman
31:25 Hand Cart
31:01 Town Watch
31:48 Town Patrol
36:14 Imperial Age
34:58 Iron Casting
34:39 Chain Mail Armor
34:37 Bodkin Arrow
34:43 Padded Archer Armor
35:49 Murder Holes
35:47 Guard Tower
35:39 Treadmill Crane
36:33 Halberdier
37:36 Thumb Ring
36:53 Elite Skirmisher
38:14 Kataparuto
39:10 Blast Furnace
38:41 Plate Mail Armor
39:38 Two-Man Saw
39:17 Gold Shaft Mining
39:49 Chemistry
41:12 Two-Handed Swordsman
44:56 Bracer
45:12 Leather Archer Armor
47:06 Conscription
52:02 Ring Archer Armor
65:22 Yasama
67:19 Scale Barding Armor
YoSoyMeistro
0:28 Loom
12:21 Feudal Age
12:56 Double-Bit Axe
13:53 Wheelbarrow
16:09 Forging
16:22 Scale Barding Armor
16:43 Gold Mining
16:55 Town Watch
17:28 Stone Mining
18:04 Scale Mail Armor
18:31 Fishing Lines
20:41 Padded Archer Armor
20:32 Fletching
24:23 Castle Age
25:07 Husbandry
25:32 Chain Barding Armor
25:48 Iron Casting
28:14 Bow Saw
30:33 Gold Shaft Mining
46:05 Imperial Age
46:07 Cavalier
47:52 Blast Furnace
47:27 Plate Barding Armor
46:57 Chivalry
47:21 Fortified Wall
47:23 Caravan
52:19 Paladin
57:56 Hand Cart
Connection lost

Rejoining the realm…

Still unreachable

The connection could not be restored.

Session expired

The server has moved on; the page needs a fresh start.